AoeStats
← Boost'Hate John

Four Lakes

503585014Analyzed
4v4 RM · 1mo ago on Sep 1, 2026· 18m 22s· 8 players
Game mode
Random Map
Map size
Large (8 player)
Population
200
Speed
Normal
Resources
Standard
Victory
Conquest
Starting age
Dark Age
Ending age
Imperial Age
RankedLock teamsTeams togetherTeam positionsShared explorationLock speedFull tech treeHidden civsTurbo modeCheats
Victory
Defeat
🇫🇷 Bengalis · France
1857
+12
🇫🇷 Mongols · France
1734
+17
🇫🇷 Portuguese · France
1665
+20
🇫🇷 Khmer · France
1611
+22
🇻🇳 Franks · Vietnam
1853
-22
🇭🇰 Italians · Hong Kong SAR China
1739
-17
🇭🇰 Ethiopians · Hong Kong SAR China
1734
-17
🇻🇳 Britons · Vietnam
1711
-16
Tatan
10:18 Feudal Age
11:02 Loom
11:10 Double-Bit Axe
11:11 Fishing Lines
ChauNg
9:57 Loom
11:43 Feudal Age
15:46 Castle Age
13:39 Double-Bit Axe
13:46 Fletching
14:06 Gold Mining
15:01 Fletching
15:48 Padded Archer Armor
15:51 Crossbowman
18:00 Bodkin Arrow
DL-Empty
8:04 Loom
10:03 Feudal Age
14:09 Scale Barding Armor
18:13 Forging
pigpig_aoe
7:01 Loom
12:54 Feudal Age
13:45 Double-Bit Axe
Beauvéro
4:08 Loom
10:32 Feudal Age
11:08 Double-Bit Axe
13:42 Fletching
17:20 Fishing Lines
19:54 Castle Age
18:35 Gold Mining
18:40 Fishing Lines
Boost'Hate John
7:29 Loom
9:42 Feudal Age
11:27 Double-Bit Axe
12:52 Fletching
13:55 Fishing Lines
14:48 Horse Collar
16:34 Wheelbarrow
scorpion145
6:49 Loom
9:10 Feudal Age
9:58 Double-Bit Axe
15:32 Forging
16:08 Fishing Lines
17:54 Bloodlines
kitchiro
6:23 Loom
9:16 Feudal Age
9:53 Fishing Lines
10:02 Double-Bit Axe
11:33 Horse Collar
17:37 Castle Age
15:45 Gold Mining
16:39 Bloodlines
16:59 Scale Barding Armor
17:07 Forging
18:34 Bow Saw
18:16 Gillnets
18:50 Chain Barding Armor
Connection lost

Rejoining the realm…

Still unreachable

The connection could not be restored.

Session expired

The server has moved on; the page needs a fresh start.